 Dungeon Crawl Stone Soup version 0.23.2-40-g277498a001 (webtiles) character file.

Game seed: 923886349052074967

46 Iskender the Sneak (level 3, -2/17 HPs)
             Began as a Felid Chaos Knight on Oct 4, 2019.
             Was a Plaything of Xom.
             Slain by an adder (4 damage)
             ... on level 1 of the Dungeon.
             The game lasted 00:05:06 (1262 turns).

Iskender the Sneak (Felid Chaos Knight)             Turns: 1262, Time: 00:05:07

Health: -2/17      AC:  1    Str:  8    XL:     3   Next: 46%
Magic:  4/4        EV: 18    Int: 14    God:    Xom [.*....]
Gold:   83         SH:  0    Dex: 15    Spells: 2/2 levels left
                                        Lives:  0   Deaths: 0

rFire    . . .     SeeInvis +     - Unarmed
rCold    . . .     Gourm    .   (shield unavailable)
rNeg     . . .     Faith    .   (armour unavailable)
rPois    .         Spirit   .   (helmet unavailable)
rElec    .         Reflect  .   (cloak unavailable)
rCorr    .         Harm     .   (gloves unavailable)
MR       .....     Rnd*Rage +   (boots unavailable)
Stlth    +++.......             (no amulet)
HPRegen  0.05/turn              (no ring)
MPRegen  0.09/turn              (no ring)

@: lethally poisoned (-2 -> -11), quick
A: very small, no armour, no weapons or thrown items, stealth, claws 1, fangs 3,
see invisible, berserk 1, carnivore, speed 1, shaggy fur 1, slow metabolism 1,
wild magic 1, sharp paws
a: Renounce Religion


You were on level 1 of the Dungeon.
You worshipped Xom.
You were a plaything of Xom.
You were very full.

You visited 1 branch of the dungeon, and saw 2 of its levels.

You collected 83 gold pieces.

Inventory:

Scrolls
 b - a scroll of remove curse {unknown}
 e - a scroll of magic mapping
 f - a scroll of blinking {unknown}
 g - a scroll of enchant weapon {unknown}
 h - a scroll of immolation {unknown}
Potions
 i - a potion of lignification {unknown}
Comestibles
 a - 2 rations


   Skills:
 - Level 3.0 Fighting
 - Level 3.2 Dodging
 + Level 4.7 Stealth
 - Level 3.0 Unarmed Combat


You had 2 spell levels left.
You didn't know any spells.
Your spell library was empty.

Dungeon Overview and Level Annotations

Branches:
Dungeon (2/15)

Altars:


Innate Abilities, Weirdness & Mutations

You cannot wear armour.
You are incapable of wielding weapons or throwing items.
Your paws allow you to move quietly. (Stealth)
You have sharp claws.
You have razor-sharp teeth.
You have supernaturally acute eyesight. (SInv)
You are carnivorous and can eat meat at any time.
You cover ground quickly.
You are covered in fur. (AC +1)
You have a slow metabolism.
Your sharp claws are effective at attacking unaware monsters.
You tend to lose your temper in combat.
Your spells are a little harder to cast, but a little more powerful.


Message History

The adder is moderately wounded.
You feel sick. The adder misses you.
You barely miss the adder.
The adder is moderately wounded.
The adder closely misses you. The adder misses you.
You barely miss the adder.
The adder is moderately wounded.
You feel sick. The adder barely misses you.
It was a potion of mutation.
You feel extremely strange.
You feel a little pissed off.
Xom is interested.
You feel less in control of your magic.
Xom roars with laughter!
The adder bites you.
* * * LOW HITPOINT WARNING * * *
You miss the adder.
The adder is moderately wounded.
* * * LOW HITPOINT WARNING * * *
You feel sick. The adder bites you.
You die...

#### ### ...############## ##.##
................# ##.#.##
...###......###.########.###.##
#..............S@.......## ##.###
#.####.#.#.#.##.########รท###.....
#.####.#.#.#.##.# ##.#.#####
.......#.#.#.##.# ##.##
#.######.#.#.##.# ### #.#
#.#.#.##.# #.######.#.#.##.#
.............##.#
.#########.####.#


You could see an adder.

Vanquished Creatures
  An adder (D:2)
  A worm (D:2)
  A dart slug (D:1)
  2 leopard geckos (D:1)
  3 giant cockroaches
  2 goblins (D:1)
  2 hobgoblins (D:1)
  2 jackals (D:1)
  3 kobolds
  A ball python (D:1)
  6 bats (D:1)
  A frilled lizard (D:1)
  6 rats
31 creatures vanquished.

Notes
Turn   | Place    | Note
-------+----------+-------------------------------------------
     0 | D:1      | Iskender the Felid Chaos Knight began the quest for the
                  | Orb.
     0 | D:1      | Reached XP level 1. HP: 10/10 MP: 2/2
    75 | D:1      | XOM: butterfly on damage
    76 | D:1      | Reached skill level 1 in Stealth
   208 | D:1      | Reached skill level 2 in Stealth
   320 | D:1      | XOM: divination: detect items
   324 | D:1      | Reached XP level 2. HP: 13/14 MP: 3/3
   369 | D:1      | Reached skill level 3 in Stealth
   533 | D:1      | Reached skill level 4 in Stealth
   573 | D:1      | XOM: cloud trail
   598 | D:1      | XOM: harmless Air miscast
   698 | D:1      | Reached XP level 3. HP: 14/17 MP: 4/4
  1261 | D:1      | Gained mutation: You tend to lose your temper in combat.
                  | [potion of mutation]
  1261 | D:1      | Gained mutation: Your spells are a little harder to cast,
                  | but a little more powerful. [potion of mutation]
  1262 | D:1      | Slain by an adder

Skill      XL: |  1  2 |
---------------+-------+-----
Stealth        | 2 4 |  4.7
Fighting       | |  3.0
Dodging        | |  3.2
Unarmed Combat | |  3.0

Action                   || total
-------------------------++-------
Melee: Unarmed           ||    85
       Bite              ||     4
       Punch             ||     1
  Use: Scroll            ||     1
       Potion            ||     1
 Stab: Sleeping          ||    12
  Eat: Chunk             ||     7
Dodge: Dodged            ||    56
